WASHINGTON Capitals vs CAROLINA Hurricanes

Created - 26 février 2024 at 23:15

Goals
1 2 3 T
WASHINGTON Capitals 5 1 1 7
CAROLINA Hurricanes 2 1 1 4
Shots
1 2 3 T
WASHINGTON Capitals 13 8 12 33
CAROLINA Hurricanes 9 7 6 22

1st period

1. CAROLINA Hurricanes , Elias Pettersson 8 (Mika Zibanejad 19, Adam Fox 31) at 0:40
2. WASHINGTON Capitals , Kevin Shattenkirk 6 (Ryan Strome 5, Ivan Barbashev 9) at 4:48 (PP)
3. WASHINGTON Capitals , Christian Dvorak 1 (Ryan Strome 6, Mario Ferraro 12) at 14:30
4. WASHINGTON Capitals , Ivan Barbashev 8 (William Karlsson 21, Pavel Buchnevich 11) at 15:46
5. WASHINGTON Capitals , Ryan Strome 4 (Christian Dvorak 4, Mario Ferraro 13) at 16:03
6. CAROLINA Hurricanes , Blake Lizotte 4 (Rasmus Ristolainen 13, Filip Forsberg 4) at 19:38
7. WASHINGTON Capitals , Matt Duchene 10 (Casey Mittelstadt 4, Ian Cole 7) at 19:47

Penalties :
Adam Fox (CAR) for Hooking (Minor) at 3:35, Ross Colton (WSH) for Interference (Minor) at 5:41, Torey Krug (WSH) for Tripping (Minor) at 9:11

2nd period

8. WASHINGTON Capitals , William Karlsson 5 (Ivan Barbashev 10, John Carlson 21) at 9:42
9. CAROLINA Hurricanes , Brady Tkachuk 7 (Brandon Montour 12, Mika Zibanejad 20) at 13:28 (PP)

Penalties :
Ivan Barbashev (WSH) for Roughing (Minor) at 1:52, Kevin Shattenkirk (WSH) for Roughing (Minor) at 12:39, Brandon Montour (CAR) for Tripping (Minor) at 14:21

3rd period

10. CAROLINA Hurricanes , Brandon Montour 5 (Adam Fox 32) at 7:01 (PP)
11. WASHINGTON Capitals , Pavel Buchnevich 11 (William Karlsson 22, Chris Driedger) at 10:28 (PP)

Penalties :
Adam Fox (CAR) for Delaying the game (Minor) at 4:00, Torey Krug (WSH) for Delaying the game (Minor) at 5:27, Kris Letang (CAR) for Tripping (Minor) at 8:13, Rasmus Ristolainen (CAR) for Hooking (Minor) at 9:14, Kris Letang (CAR) for Interference (Minor) at 11:53

Goalie Stats

Chris Driedger (WSH), 18 saves from 22 shots - (0,818), W, 2-2-1, 60:00 minutes
Alexandar Georgiev (CAR), 8 saves from 13 shots - (0,615), L, 19-10-2, 19:47 minutes
Alex Lyon (CAR), 18 saves from 20 shots - (0,900), 40:13 minutes

Players Stats for WASHINGTON Capitals

Player Name              G  A  P  +/- PIM S  H  SB GA TA FO     MP     PP MP  PK MP  
------------------------------------------------------------------------------------
Barrett Hayton           0  0  0   0  0   1  1  0  0  0  4/9     8:36   0:00   0:50 
Brock Boeser             0  0  0   1  0   0  3  1  0  0  1/3    17:43   4:32   0:00 
Carson Soucy             0  0  0   2  0   0  7  2  0  0  0/0    16:00   0:00   3:49 
Casey Mittelstadt        0  1  1   1  0   1  1  0  0  0  0/1    13:15   0:00   0:04 
Christian Dvorak         1  1  2   2  0   2  0  0  0  0  5/7     9:53   0:00   1:15 
Ian Cole                 0  1  1   1  0   1  1  5  0  0  0/0    16:46   0:00   3:59 
Ivan Barbashev           1  2  3   0  2   5  3  0  0  0  0/2    21:07   4:21   3:35 
Jason Dickinson          0  0  0   2  0   1  2  0  0  0  3/4    11:06   0:00   2:28 
John Carlson             0  1  1   0  0   0  1  4  0  0  0/0    25:38   3:18   3:59 
Kevin Shattenkirk        1  0  1   0  2   3  3  2  0  0  0/0    20:57   3:18   0:00 
Mario Ferraro            0  2  2   2  0   3  4  2  0  0  0/0    21:35   5:35   3:49 
Matt Duchene             1  0  1   1  0   3  1  0  0  0  10/26  17:32   4:21   0:00 
Pavel Buchnevich         1  1  2   0  0   7  2  1  0  0  1/3    20:44   4:32   2:28 
Ross Colton              0  0  0   0  2   1  2  0  0  0  1/1     7:45   0:00   0:00 
Ryan Strome              1  2  3   2  0   2  1  0  0  0  0/1    12:59   4:21   0:00 
Sam Steel                0  0  0   0  0   0  0  0  0  0  0/0     7:46   0:00   0:00 
Torey Krug               0  0  0   1  4   1  2  1  0  0  0/0    19:01   5:34   0:00 
William Karlsson         1  2  3   0  0   2  0  1  0  0  16/37  23:12   4:32   4:56 

Players Stats for CAROLINA Hurricanes

Player Name              G  A  P  +/- PIM S  H  SB GA TA FO     MP     PP MP  PK MP  
------------------------------------------------------------------------------------
Adam Fox                 0  2  2   0  4   1  2  0  0  0  0/0    24:54   3:31   3:54 
Blake Lizotte            1  0  1   0  0   3  2  0  0  0  7/11    9:35   0:00   0:00 
Brady Tkachuk            1  0  1  -1  0   1  4  0  0  0  0/0    16:14   3:20   0:00 
Brandon Montour          1  1  2   0  2   3  3  0  0  0  0/0    22:48   3:31   1:15 
David Perron             0  0  0   0  0   1  0  0  0  0  0/0     9:35   0:00   0:00 
Derek Ryan               0  0  0  -2  0   0  0  0  0  0  3/6     7:32   0:00   2:08 
Devon Toews              0  0  0  -2  0   0  0  2  0  0  0/0    23:44   4:17   5:45 
Elias Pettersson         1  0  1   0  0   3  2  0  0  0  5/8    24:55   4:28   5:33 
Evgeny Svechnikov        0  0  0  -2  0   0  0  0  0  0  0/0     5:24   0:00   0:00 
Filip Forsberg           0  1  1   0  0   1  2  0  0  0  0/1    14:03   4:28   0:00 
Kris Letang              0  0  0  -2  4   2  5  1  0  0  0/0    19:42   4:17   1:53 
Mika Zibanejad           0  2  2   0  0   2  3  0  0  0  27/45  24:27   3:20   5:49 
Nazem Kadri              0  0  0  -1  0   1  1  0  0  0  8/17   14:12   0:00   1:10 
Niko Mikkola             0  0  0  -1  0   0  0  0  0  0  0/0    12:06   0:00   0:00 
Noah Cates               0  0  0  -2  0   1  2  0  0  0  2/4     7:32   0:00   2:08 
Rasmus Ristolainen       0  1  1  -1  2   2  1  1  0  0  0/0    16:40   0:00   4:58 
Travis Konecny           0  0  0  -1  0   1  0  1  0  0  0/0    17:22   4:28   0:00 
William Nylander         0  0  0   0  0   0  0  0  0  0  1/2    18:46   3:20   0:00 

3 Stars

1 - Ryan Strome (WSH)
2 - Mario Ferraro (WSH)
3 - William Karlsson (WSH)

Power Play

WASHINGTON Capitals - 2 on 6 Attempt(s) - 33,33%
CAROLINA Hurricanes - 2 on 5 Attempt(s) - 40,00%

Penalty Kill

WASHINGTON Capitals - 3 on 5 Attempt(s) - 60,00% - Score 0 goal in Penalty Kill
CAROLINA Hurricanes - 4 on 6 Attempt(s) - 66,67% - Score 0 goal in Penalty Kill

Team Stat

WASHINGTON Capitals - Hits : 34 - Faceoff Wins : 41 - Blocked Shots : 19 - Penalty Minutes : 10
CAROLINA Hurricanes - Hits : 27 - Faceoff Wins : 53 - Blocked Shots : 5 - Penalty Minutes : 12

Official

Referees : Dan O'Rourke and Pierre Lambert
Linesman : Kiel Murchison and Jenni Heikkinen

Game Notes

Alex Lyon enters game at 19:47 of 1st period

Finance

Level 1 -- Attendance: 5040 (84,00%) -- Ticket Income $504,000
Level 2 -- Attendance: 4023 (80,46%) -- Ticket Income $241,380
Level 3 -- Attendance: 1895 (94,75%) -- Ticket Income $66,325
Level 4 -- Attendance: 4000 (100,00%) -- Ticket Income $80,000
Luxury Box -- Attendance: 850 (85,00%) -- Ticket Income $170,000
Game was played at the PNC Arena.
Total Attendance: 15808 (87,82%)
Total Ticket Income: $1,061,705
Other Income: $265,426
Total Income: $1,327,131

WASHINGTON Capitals

5 vs 5 Forward 
   Center                   Left Wing                Right Wing               Time % Phy DF OF 
 1 William Karlsson         Ivan Barbashev           Pavel Buchnevich         40     1   2  2  
 2 Matt Duchene             Casey Mittelstadt        Brock Boeser             30     1   2  2  
 3 Christian Dvorak         Jason Dickinson          Ryan Strome              20     1   2  2  
 4 Barrett Hayton           Ross Colton              Sam Steel                10     3   2  0  

5 vs 5 Defense 
   Defense                  Defense                                           Time % Phy DF OF 
 1 John Carlson             Kevin Shattenkirk                                 40     0   4  1  
 2 Ian Cole                 Torey Krug                                        30     0   4  1  
 3 Mario Ferraro            Carson Soucy                                      20     1   3  1  
 4 Torey Krug               John Carlson                                      10     0   4  1  

PowerPlay Forward 
   Center                   Left Wing                Right Wing               Time % Phy DF OF 
 1 William Karlsson         Pavel Buchnevich         Brock Boeser             60     1   0  4  
 2 Matt Duchene             Ivan Barbashev           Ryan Strome              40     1   0  4  

PowerPlay Defense
   Defense                  Defense                                           Time % Phy DF OF 
 1 John Carlson             Kevin Shattenkirk                                 70     0   1  4  
 2 Mario Ferraro            Torey Krug                                        30     0   1  4  

Penalty Kill 4 Players Forward 
   Center                   Wing                     Time % Phy DF OF 
 1 William Karlsson         Ivan Barbashev           60     1   4  0  
 2 Jason Dickinson          Pavel Buchnevich         40     1   4  0  

Penalty Kill 4 Players Defense
   Defense                  Defense                  Time % Phy DF OF 
 1 John Carlson             Ian Cole                 60     0   5  0  
 2 Mario Ferraro            Carson Soucy             40     0   5  0  

Penalty Kill - 3 Players Forward 
   Forward                                           Time % Phy DF OF 
 1 William Karlsson                                  60     0   5  0  
 2 Jason Dickinson                                   40     0   5  0  

Penalty Kill - 3 Players Defense
   Defense                  Defense                  Time % Phy DF OF 
 1 Ian Cole                 Mario Ferraro            60     0   5  0  
 2 John Carlson             Carson Soucy             40     0   5  0  

4 vs 4 Forward 
   Center                   Wing                     Time % Phy DF OF 
 1 William Karlsson         Pavel Buchnevich         60     1   2  2  
 2 Matt Duchene             Brock Boeser             40     1   2  2  

4 vs 4 Defense
   Defense                  Defense                  Time % Phy DF OF 
 1 John Carlson             Kevin Shattenkirk        60     1   2  2  
 2 Mario Ferraro            Torey Krug               40     1   2  2  

Last Minutes Offensive
   Center                   Left Wing                Right Wing               Defense                  Defense                  
   Matt Duchene             Pavel Buchnevich         Brock Boeser             John Carlson             Kevin Shattenkirk        

Last Minutes Defensive
   Center                   Left Wing                Right Wing               Defense                  Defense                  
   William Karlsson         Jason Dickinson          Pavel Buchnevich         John Carlson             Mario Ferraro            

Goaltenders
Starting : Chris Driedger           
Backup : Scott Wedgewood          

Extra Forwards
Normal : Pavel Buchnevich, Matt Duchene, William Karlsson - PP : William Karlsson, Brock Boeser - PK : Christian Dvorak
Extra Defensemen
Normal : Carson Soucy, Kevin Shattenkirk, Mario Ferraro - PP : John Carlson - PK : Ian Cole, Torey Krug
Penalty Shots
Matt Duchene, Pavel Buchnevich, Ivan Barbashev, William Karlsson, Ross Colton

Scratches
Matt Grzelcyk (Healthy)

CAROLINA Hurricanes

5 vs 5 Forward 
   Center                   Left Wing                Right Wing               Time % Phy DF OF 
 1 Mika Zibanejad           Elias Pettersson         William Nylander         40     1   2  2  
 2 Nazem Kadri              Brady Tkachuk            Travis Konecny           30     1   2  2  
 3 Blake Lizotte            Filip Forsberg           David Perron             20     1   2  2  
 4 Derek Ryan               Noah Cates               Evgeny Svechnikov        10     1   2  2  

5 vs 5 Defense 
   Defense                  Defense                                           Time % Phy DF OF 
 1 Adam Fox                 Brandon Montour                                   40     1   2  2  
 2 Kris Letang              Devon Toews                                       30     1   2  2  
 3 Rasmus Ristolainen       Niko Mikkola                                      20     1   2  2  
 4 Adam Fox                 Brandon Montour                                   10     1   2  2  

PowerPlay Forward 
   Center                   Left Wing                Right Wing               Time % Phy DF OF 
 1 Mika Zibanejad           Brady Tkachuk            William Nylander         60     1   2  2  
 2 Elias Pettersson         Filip Forsberg           Travis Konecny           40     1   2  2  

PowerPlay Defense
   Defense                  Defense                                           Time % Phy DF OF 
 1 Adam Fox                 Brandon Montour                                   60     1   2  2  
 2 Kris Letang              Devon Toews                                       40     1   2  2  

Penalty Kill 4 Players Forward 
   Center                   Wing                     Time % Phy DF OF 
 1 Mika Zibanejad           Elias Pettersson         60     1   2  2  
 2 Noah Cates               Derek Ryan               40     1   2  2  

Penalty Kill 4 Players Defense
   Defense                  Defense                  Time % Phy DF OF 
 1 Adam Fox                 Devon Toews              60     1   2  2  
 2 Kris Letang              Rasmus Ristolainen       40     1   2  2  

Penalty Kill - 3 Players Forward 
   Forward                                           Time % Phy DF OF 
 1 Mika Zibanejad                                    60     1   2  2  
 2 Elias Pettersson                                  40     1   2  2  

Penalty Kill - 3 Players Defense
   Defense                  Defense                  Time % Phy DF OF 
 1 Adam Fox                 Devon Toews              60     1   2  2  
 2 Kris Letang              Rasmus Ristolainen       40     1   2  2  

4 vs 4 Forward 
   Center                   Wing                     Time % Phy DF OF 
 1 Mika Zibanejad           William Nylander         60     1   2  2  
 2 Elias Pettersson         Filip Forsberg           40     1   2  2  

4 vs 4 Defense
   Defense                  Defense                  Time % Phy DF OF 
 1 Adam Fox                 Brandon Montour          60     1   2  2  
 2 Kris Letang              Devon Toews              40     1   2  2  

Last Minutes Offensive
   Center                   Left Wing                Right Wing               Defense                  Defense                  
   Mika Zibanejad           Brady Tkachuk            William Nylander         Adam Fox                 Brandon Montour          

Last Minutes Defensive
   Center                   Left Wing                Right Wing               Defense                  Defense                  
   Mika Zibanejad           Brady Tkachuk            William Nylander         Adam Fox                 Brandon Montour          

Goaltenders
Starting : Alexandar Georgiev       
Backup : Alex Lyon                

Extra Forwards
Normal : Nazem Kadri, David Perron, Travis Konecny - PP : Nazem Kadri, David Perron - PK : Nazem Kadri
Extra Defensemen
Normal : Devon Toews, Rasmus Ristolainen, Niko Mikkola - PP : Devon Toews - PK : Devon Toews, Rasmus Ristolainen
Penalty Shots
Mika Zibanejad, Elias Pettersson, William Nylander, Brady Tkachuk, Nazem Kadri

Scratches
None


% Time on Ice - WASHINGTON Capitals

Lines # - Real PCT - Wanted PCT - Time Play
Normal Forward
1 - 31% - 40% - 13:12
2 - 31% - 30% - 13:11
3 - 20% - 20% - 8:38
4 - 18% - 10% - 7:46
Normal Defense
1 - 40% - 40% - 17:08
2 - 30% - 30% - 12:47
3 - 28% - 20% - 12:11
4 - 2% - 10% - 0:41
PP Forward
1 - 51% - 60% - 4:32
2 - 49% - 40% - 4:21
PP Defense
1 - 37% - 70% - 3:18
2 - 63% - 30% - 5:35
PK Forward
1 - 68% - 60% - 5:20
2 - 32% - 40% - 2:28
PK Defense
1 - 51% - 60% - 3:59
2 - 49% - 40% - 3:49
PK3 Forward
1 - 0% - 60%
2 - 0% - 40%
PK3 Defense
1 - 0% - 60%
2 - 0% - 40%
44 Forward
1 - 100% - 60% - 0:32
2 - 0% - 40% - 0:00
44 Defense
1 - 100% - 60% - 0:32
2 - 0% - 40% - 0:00
Last Minute Offensive  - 0:00
Last Minute Defensive  - 0:00
Total
Forward - 60:00
Defense - 60:00

% Time on Ice - CAROLINA Hurricanes

Lines # - Real PCT - Wanted PCT - Time Play
Normal Forward
1 - 35% - 40% - 14:54
2 - 30% - 30% - 12:54
3 - 22% - 20% - 9:35
4 - 13% - 10% - 5:24
Normal Defense
1 - 39% - 40% - 16:30
2 - 32% - 30% - 13:34
3 - 27% - 20% - 11:42
4 - 2% - 10% - 1:01
PP Forward
1 - 43% - 60% - 3:20
2 - 57% - 40% - 4:28
PP Defense
1 - 45% - 60% - 3:31
2 - 55% - 40% - 4:17
PK Forward
1 - 73% - 60% - 5:47
2 - 27% - 40% - 2:08
PK Defense
1 - 54% - 60% - 4:17
2 - 46% - 40% - 3:38
PK3 Forward
1 - 100% - 60% - 0:58
2 - 0% - 40% - 0:00
PK3 Defense
1 - 0% - 60% - 0:00
2 - 100% - 40% - 0:58
44 Forward
1 - 100% - 60% - 0:32
2 - 0% - 40% - 0:00
44 Defense
1 - 100% - 60% - 0:32
2 - 0% - 40% - 0:00
Last Minute Offensive  - 0:00
Last Minute Defensive  - 0:00
Total
Forward - 60:00
Defense - 60:00

Play-by-Play

1st period


0:01 of 1st period - Pavel Buchnevich wins face-off versus Mika Zibanejad in neutral zone.
0:38 of 1st period - Shot by Mika Zibanejad.
0:38 of 1st period - Shot Blocked by Pavel Buchnevich.
0:40 of 1st period - Shot by Elias Pettersson.
0:40 of 1st period - Goal by Elias Pettersson - WASHINGTON Capitals : 0 - CAROLINA Hurricanes : 1.
0:41 of 1st period - Matt Duchene wins face-off versus Nazem Kadri in neutral zone.
0:41 of 1st period - Casey Mittelstadt is hit by Brady Tkachuk and loses puck.
0:59 of 1st period - Off-side.
1:00 of 1st period - Jason Dickinson wins face-off versus Blake Lizotte in neutral zone.
1:00 of 1st period - Mario Ferraro is hit by Filip Forsberg and loses puck.
1:04 of 1st period - Jason Dickinson is hit by Rasmus Ristolainen and loses puck.
1:09 of 1st period - Shot by Ryan Strome.
1:09 of 1st period - Shot Misses the Net.
1:18 of 1st period - Niko Mikkola is hit by Jason Dickinson and loses puck.
1:44 of 1st period - Blake Lizotte is hit by Carson Soucy and loses puck.
2:00 of 1st period - Icing by Devon Toews.
2:01 of 1st period - Nazem Kadri wins face-off versus Matt Duchene in CAROLINA Hurricanes zone.
2:01 of 1st period - Nazem Kadri is hit by Brock Boeser.
2:09 of 1st period - Ian Cole is hit by Brady Tkachuk and loses puck.
2:20 of 1st period - Shot by Nazem Kadri.
2:20 of 1st period - Shot Blocked by Ian Cole.
2:22 of 1st period - Shot by Brady Tkachuk.
2:22 of 1st period - Shot Misses the Net.
2:24 of 1st period - Shot by Nazem Kadri.
2:24 of 1st period - Shot Misses the Net.
2:26 of 1st period - Shot by Kris Letang.
2:26 of 1st period - Stopped by Chris Driedger without a rebound.
2:27 of 1st period - Mika Zibanejad wins face-off versus William Karlsson in WASHINGTON Capitals zone.
2:34 of 1st period - Shot by Pavel Buchnevich.
2:34 of 1st period - Stopped by Alexandar Georgiev without a rebound.
2:35 of 1st period - Noah Cates wins face-off versus Barrett Hayton in CAROLINA Hurricanes zone.
3:35 of 1st period - Minor Penalty to Adam Fox for Hooking.
3:36 of 1st period - William Karlsson wins face-off versus Mika Zibanejad in CAROLINA Hurricanes zone.
4:46 of 1st period - Shot by Ryan Strome.
4:46 of 1st period - Shot Misses the Net.
4:48 of 1st period - Shot by Kevin Shattenkirk.
4:48 of 1st period - Goal by Kevin Shattenkirk - WASHINGTON Capitals : 1 - CAROLINA Hurricanes : 1.
4:49 of 1st period - Nazem Kadri wins face-off versus Barrett Hayton in neutral zone.
5:30 of 1st period - Shot by Brady Tkachuk.
5:30 of 1st period - Shot Blocked by Kevin Shattenkirk.
5:41 of 1st period - Minor Penalty to Ross Colton for Interference.
5:42 of 1st period - William Karlsson wins face-off versus Mika Zibanejad in WASHINGTON Capitals zone.
6:19 of 1st period - Shot by Pavel Buchnevich.
6:19 of 1st period - Shot Hit the Post.
6:22 of 1st period - Icing by Devon Toews.
6:23 of 1st period - William Karlsson wins face-off versus Mika Zibanejad in CAROLINA Hurricanes zone.
6:30 of 1st period - Shot by Ivan Barbashev.
6:30 of 1st period - Deflect By William Karlsson.
6:30 of 1st period - Stopped by Alexandar Georgiev without a rebound.
6:31 of 1st period - Elias Pettersson wins face-off versus William Karlsson in CAROLINA Hurricanes zone.
6:31 of 1st period - Elias Pettersson is hit by Ivan Barbashev.
7:38 of 1st period - Off-side.
7:39 of 1st period - Mika Zibanejad wins face-off versus William Karlsson in neutral zone.
7:45 of 1st period - Devon Toews is hit by Torey Krug and loses puck.
7:58 of 1st period - Shot by Casey Mittelstadt.
7:58 of 1st period - Stopped by Alexandar Georgiev without a rebound.
7:59 of 1st period - Christian Dvorak wins face-off versus Mika Zibanejad in CAROLINA Hurricanes zone.
8:06 of 1st period - Shot by Ryan Strome.
8:06 of 1st period - Stopped by Alexandar Georgiev without a rebound.
8:07 of 1st period - Derek Ryan wins face-off versus Casey Mittelstadt in CAROLINA Hurricanes zone.
8:07 of 1st period - Derek Ryan is hit by Brock Boeser.
8:15 of 1st period - Shot by Brock Boeser.
8:15 of 1st period - Deflect By Matt Duchene.
8:15 of 1st period - Stopped by Alexandar Georgiev without a rebound.
8:16 of 1st period - William Karlsson wins face-off versus Mika Zibanejad in CAROLINA Hurricanes zone.
8:31 of 1st period - Shot by Pavel Buchnevich.
8:31 of 1st period - Stopped by Alexandar Georgiev without a rebound.
8:32 of 1st period - Nazem Kadri wins face-off versus Matt Duchene in CAROLINA Hurricanes zone.
8:37 of 1st period - Off-side.
8:38 of 1st period - Mika Zibanejad wins face-off versus William Karlsson in neutral zone.
8:55 of 1st period - William Nylander is hit by Ian Cole and loses puck.
9:11 of 1st period - Minor Penalty to Torey Krug for Tripping.
9:12 of 1st period - Elias Pettersson wins face-off versus William Karlsson in WASHINGTON Capitals zone.
9:33 of 1st period - Shot by Travis Konecny.
9:33 of 1st period - Shot Misses the Net.
10:04 of 1st period - Icing by Elias Pettersson.
10:05 of 1st period - William Karlsson wins face-off versus Filip Forsberg in CAROLINA Hurricanes zone.
10:08 of 1st period - Shot by Ivan Barbashev.
10:08 of 1st period - Shot Blocked by Kris Letang.
10:46 of 1st period - Shot by Mika Zibanejad.
10:46 of 1st period - Shot Blocked by William Karlsson.
10:48 of 1st period - Shot by Brandon Montour.
10:48 of 1st period - Stopped by Chris Driedger without a rebound.
10:49 of 1st period - Jason Dickinson wins face-off versus William Nylander in WASHINGTON Capitals zone.
10:55 of 1st period - Icing by Adam Fox.
10:56 of 1st period - Mika Zibanejad wins face-off versus Jason Dickinson in CAROLINA Hurricanes zone.
11:24 of 1st period - Shot by Derek Ryan.
11:24 of 1st period - Shot Misses the Net.
11:26 of 1st period - Shot by Rasmus Ristolainen.
11:26 of 1st period - Stopped by Chris Driedger with a rebound.
11:28 of 1st period - Shot by Noah Cates.
11:28 of 1st period - Shot Blocked by John Carlson.
11:30 of 1st period - Shot by Derek Ryan.
11:30 of 1st period - Deflect By Noah Cates.
11:30 of 1st period - Stopped by Chris Driedger without a rebound.
11:31 of 1st period - Christian Dvorak wins face-off versus Blake Lizotte in WASHINGTON Capitals zone.
11:31 of 1st period - Christian Dvorak is hit by Filip Forsberg.
12:09 of 1st period - Shot by Blake Lizotte.
12:09 of 1st period - Stopped by Chris Driedger without a rebound.
12:10 of 1st period - Mika Zibanejad wins face-off versus William Karlsson in WASHINGTON Capitals zone.
12:24 of 1st period - Icing by Mika Zibanejad.
12:25 of 1st period - Mika Zibanejad wins face-off versus Matt Duchene in CAROLINA Hurricanes zone.
12:32 of 1st period - Shot by William Nylander.
12:32 of 1st period - Shot Misses the Net.
12:34 of 1st period - Shot by Brandon Montour.
12:34 of 1st period - Shot Blocked by Brock Boeser.
12:46 of 1st period - William Nylander is hit by Matt Duchene and loses puck.
13:03 of 1st period - Shot by Elias Pettersson.
13:03 of 1st period - Stopped by Chris Driedger without a rebound.
13:04 of 1st period - William Karlsson wins face-off versus Nazem Kadri in WASHINGTON Capitals zone.
14:14 of 1st period - Shot by Filip Forsberg.
14:14 of 1st period - Shot Misses the Net.
14:28 of 1st period - Shot by Christian Dvorak.
14:28 of 1st period - Deflect By Ryan Strome.
14:28 of 1st period - Shot Misses the Net.
14:30 of 1st period - Shot by Christian Dvorak.
14:30 of 1st period - Goal by Christian Dvorak - WASHINGTON Capitals : 2 - CAROLINA Hurricanes : 1.
14:31 of 1st period - Mika Zibanejad wins face-off versus Matt Duchene in neutral zone.
14:33 of 1st period - Off-side.
14:34 of 1st period - Mika Zibanejad wins face-off versus Matt Duchene in neutral zone.
14:37 of 1st period - Casey Mittelstadt is hit by Elias Pettersson and loses puck.
14:59 of 1st period - Icing by Ian Cole.
15:00 of 1st period - Matt Duchene wins face-off versus Nazem Kadri in WASHINGTON Capitals zone.
15:12 of 1st period - Casey Mittelstadt is hit by Kris Letang.
15:20 of 1st period - Shot by Matt Duchene.
15:20 of 1st period - Shot Blocked by Travis Konecny.
15:22 of 1st period - Shot by Casey Mittelstadt.
15:22 of 1st period - Shot Misses the Net.
15:41 of 1st period - William Karlsson is hit by Kris Letang and loses puck.
15:44 of 1st period - Shot by William Karlsson.
15:44 of 1st period - Shot Misses the Net.
15:46 of 1st period - Shot by Ivan Barbashev.
15:46 of 1st period - Goal by Ivan Barbashev - WASHINGTON Capitals : 3 - CAROLINA Hurricanes : 1.
15:47 of 1st period - Christian Dvorak wins face-off versus Mika Zibanejad in neutral zone.
16:03 of 1st period - Shot by Christian Dvorak.
16:03 of 1st period - Deflect By Ryan Strome.
16:03 of 1st period - Goal by Ryan Strome - WASHINGTON Capitals : 4 - CAROLINA Hurricanes : 1.
16:04 of 1st period - Blake Lizotte wins face-off versus William Karlsson in neutral zone.
16:14 of 1st period - Shot by William Karlsson.
16:14 of 1st period - Deflect By Ivan Barbashev.
16:14 of 1st period - Stopped by Alexandar Georgiev without a rebound.
16:15 of 1st period - Christian Dvorak wins face-off versus Mika Zibanejad in CAROLINA Hurricanes zone.
16:55 of 1st period - Shot by Jason Dickinson.
16:55 of 1st period - Stopped by Alexandar Georgiev without a rebound.
16:56 of 1st period - Nazem Kadri wins face-off versus William Karlsson in CAROLINA Hurricanes zone.
16:56 of 1st period - Nazem Kadri is hit by Ivan Barbashev.
17:19 of 1st period - Icing by Devon Toews.
17:20 of 1st period - Nazem Kadri wins face-off versus Matt Duchene in CAROLINA Hurricanes zone.
17:24 of 1st period - Devon Toews is hit by Kevin Shattenkirk and loses puck.
17:31 of 1st period - Nazem Kadri is hit by Brock Boeser and loses puck.
18:07 of 1st period - Icing by Travis Konecny.
18:08 of 1st period - Nazem Kadri wins face-off versus Ivan Barbashev in CAROLINA Hurricanes zone.
18:36 of 1st period - Icing by Devon Toews.
18:37 of 1st period - Nazem Kadri wins face-off versus Christian Dvorak in CAROLINA Hurricanes zone.
18:37 of 1st period - Nazem Kadri is hit by Jason Dickinson.
18:44 of 1st period - Kris Letang is hit by Carson Soucy and loses puck.
18:52 of 1st period - Icing by Mario Ferraro.
18:53 of 1st period - Christian Dvorak wins face-off versus Elias Pettersson in WASHINGTON Capitals zone.
19:14 of 1st period - Mario Ferraro is hit by Adam Fox and loses puck.
19:24 of 1st period - Shot by Elias Pettersson.
19:24 of 1st period - Shot Blocked by Carson Soucy.
19:26 of 1st period - Shot by Brandon Montour.
19:26 of 1st period - Stopped by Chris Driedger without a rebound.
19:27 of 1st period - Blake Lizotte wins face-off versus Ivan Barbashev in WASHINGTON Capitals zone.
19:32 of 1st period - Shot by Filip Forsberg.
19:32 of 1st period - Shot Misses the Net.
19:38 of 1st period - Shot by Blake Lizotte.
19:38 of 1st period - Goal by Blake Lizotte - WASHINGTON Capitals : 4 - CAROLINA Hurricanes : 2.
19:39 of 1st period - Derek Ryan wins face-off versus Matt Duchene in neutral zone.
19:47 of 1st period - Shot by Casey Mittelstadt.
19:47 of 1st period - Deflect By Matt Duchene.
19:47 of 1st period - Goal by Matt Duchene - WASHINGTON Capitals : 5 - CAROLINA Hurricanes : 2.
19:47 of 1st period - Alex Lyon enters game.
19:48 of 1st period - William Karlsson wins face-off versus Mika Zibanejad in neutral zone.
Goals for this period are 5 for WASHINGTON Capitals vs 2 for CAROLINA Hurricanes.
Shots for this period are 13 for WASHINGTON Capitals vs 9 for CAROLINA Hurricanes.

2nd period


0:01 of 2nd period - Mika Zibanejad wins face-off versus William Karlsson in neutral zone.
0:01 of 2nd period - Mika Zibanejad is hit by Pavel Buchnevich.
0:04 of 2nd period - Brandon Montour is hit by Kevin Shattenkirk and loses puck.
0:40 of 2nd period - Shot by Pavel Buchnevich.
0:40 of 2nd period - Stopped by Alex Lyon without a rebound.
0:41 of 2nd period - Blake Lizotte wins face-off versus Matt Duchene in CAROLINA Hurricanes zone.
1:09 of 2nd period - Shot by Blake Lizotte.
1:09 of 2nd period - Shot Blocked by Ian Cole.
1:18 of 2nd period - Off-side.
1:19 of 2nd period - Barrett Hayton wins face-off versus Nazem Kadri in neutral zone.
1:19 of 2nd period - Ross Colton is hit by Nazem Kadri and loses puck.
1:41 of 2nd period - Shot by Travis Konecny.
1:41 of 2nd period - Stopped by Chris Driedger without a rebound.
1:42 of 2nd period - William Karlsson wins face-off versus Mika Zibanejad in WASHINGTON Capitals zone.
1:49 of 2nd period - Shot by Pavel Buchnevich.
1:49 of 2nd period - Shot Misses the Net.
1:52 of 2nd period - Minor Penalty to Ivan Barbashev for Roughing.
1:53 of 2nd period - Mika Zibanejad wins face-off versus William Karlsson in WASHINGTON Capitals zone.
2:22 of 2nd period - Shot by William Nylander.
2:22 of 2nd period - Deflect By Mika Zibanejad.
2:22 of 2nd period - Shot Misses the Net.
2:47 of 2nd period - Off-side.
2:48 of 2nd period - Barrett Hayton wins face-off versus Elias Pettersson in neutral zone.
3:59 of 2nd period - Casey Mittelstadt is hit by Noah Cates and loses puck.
4:50 of 2nd period - Ross Colton is hit by Brandon Montour and loses puck.
4:54 of 2nd period - Icing by William Nylander.
4:55 of 2nd period - Mika Zibanejad wins face-off versus Ryan Strome in CAROLINA Hurricanes zone.
5:14 of 2nd period - Shot by William Nylander.
5:14 of 2nd period - Shot Blocked by Mario Ferraro.
5:16 of 2nd period - Shot by Elias Pettersson.
5:16 of 2nd period - Shot Misses the Net.
5:49 of 2nd period - Shot by Nazem Kadri.
5:49 of 2nd period - Shot Blocked by Carson Soucy.
6:51 of 2nd period - Shot by Blake Lizotte.
6:51 of 2nd period - Shot Blocked by Mario Ferraro.
6:55 of 2nd period - Shot by Blake Lizotte.
6:55 of 2nd period - Stopped by Chris Driedger without a rebound.
6:56 of 2nd period - William Karlsson wins face-off versus Derek Ryan in WASHINGTON Capitals zone.
7:10 of 2nd period - Shot by Ivan Barbashev.
7:10 of 2nd period - Stopped by Alex Lyon without a rebound.
7:11 of 2nd period - Matt Duchene wins face-off versus Mika Zibanejad in CAROLINA Hurricanes zone.
7:18 of 2nd period - Shot by Matt Duchene.
7:18 of 2nd period - Shot Misses the Net.
7:37 of 2nd period - Icing by Brandon Montour.
7:38 of 2nd period - Mika Zibanejad wins face-off versus Pavel Buchnevich in CAROLINA Hurricanes zone.
7:40 of 2nd period - Adam Fox is hit by Pavel Buchnevich and loses puck.
7:50 of 2nd period - Elias Pettersson is hit by John Carlson and loses puck.
7:53 of 2nd period - Shot by William Nylander.
7:53 of 2nd period - Shot Blocked by John Carlson.
8:19 of 2nd period - Shot by William Karlsson.
8:19 of 2nd period - Shot Misses the Net.
8:21 of 2nd period - Shot by Ivan Barbashev.
8:21 of 2nd period - Shot Misses the Net.
8:39 of 2nd period - Shot by Matt Duchene.
8:39 of 2nd period - Shot Misses the Net.
8:41 of 2nd period - Shot by Ian Cole.
8:41 of 2nd period - Stopped by Alex Lyon without a rebound.
8:42 of 2nd period - Blake Lizotte wins face-off versus Barrett Hayton in CAROLINA Hurricanes zone.
8:56 of 2nd period - Shot by David Perron.
8:56 of 2nd period - Stopped by Chris Driedger without a rebound.
8:57 of 2nd period - Matt Duchene wins face-off versus Derek Ryan in WASHINGTON Capitals zone.
8:57 of 2nd period - Matt Duchene is hit by Noah Cates.
9:07 of 2nd period - Icing by Noah Cates.
9:08 of 2nd period - William Karlsson wins face-off versus Derek Ryan in CAROLINA Hurricanes zone.
9:18 of 2nd period - William Karlsson is hit by Kris Letang.
9:29 of 2nd period - Pavel Buchnevich is hit by Kris Letang and loses puck.
9:42 of 2nd period - Shot by Ivan Barbashev.
9:42 of 2nd period - Deflect By William Karlsson.
9:42 of 2nd period - Goal by William Karlsson - WASHINGTON Capitals : 6 - CAROLINA Hurricanes : 2.
9:43 of 2nd period - Mika Zibanejad wins face-off versus Matt Duchene in neutral zone.
9:45 of 2nd period - Off-side.
9:46 of 2nd period - Matt Duchene wins face-off versus Mika Zibanejad in neutral zone.
9:53 of 2nd period - Icing by Adam Fox.
9:54 of 2nd period - Mika Zibanejad wins face-off versus Matt Duchene in CAROLINA Hurricanes zone.
9:54 of 2nd period - Mika Zibanejad is hit by Casey Mittelstadt.
10:16 of 2nd period - Shot by Elias Pettersson.
10:16 of 2nd period - Shot Misses the Net.
10:18 of 2nd period - Shot by Adam Fox.
10:18 of 2nd period - Shot Blocked by Kevin Shattenkirk.
10:20 of 2nd period - Shot by Mika Zibanejad.
10:20 of 2nd period - Shot Misses the Net.
10:26 of 2nd period - Shot by Mika Zibanejad.
10:26 of 2nd period - Stopped by Chris Driedger without a rebound.
10:27 of 2nd period - William Karlsson wins face-off versus Nazem Kadri in WASHINGTON Capitals zone.
11:08 of 2nd period - Shot by Travis Konecny.
11:08 of 2nd period - Shot Blocked by Ian Cole.
11:10 of 2nd period - Shot by Nazem Kadri.
11:10 of 2nd period - Shot Blocked by Ian Cole.
12:19 of 2nd period - Icing by Kevin Shattenkirk.
12:20 of 2nd period - Brock Boeser wins face-off versus Blake Lizotte in WASHINGTON Capitals zone.
12:29 of 2nd period - John Carlson is hit by Blake Lizotte and loses puck.
12:39 of 2nd period - Minor Penalty to Kevin Shattenkirk for Roughing.
12:40 of 2nd period - Elias Pettersson wins face-off versus William Karlsson in WASHINGTON Capitals zone.
13:26 of 2nd period - Shot by Brandon Montour.
13:26 of 2nd period - Shot Misses the Net.
13:28 of 2nd period - Shot by Brady Tkachuk.
13:28 of 2nd period - Goal by Brady Tkachuk - WASHINGTON Capitals : 6 - CAROLINA Hurricanes : 3.
13:29 of 2nd period - Barrett Hayton wins face-off versus Noah Cates in neutral zone.
13:36 of 2nd period - Shot by Ross Colton.
13:36 of 2nd period - Stopped by Alex Lyon without a rebound.
13:37 of 2nd period - Derek Ryan wins face-off versus Barrett Hayton in CAROLINA Hurricanes zone.
13:37 of 2nd period - Derek Ryan is hit by Ross Colton.
14:11 of 2nd period - Sam Steel is hit by Adam Fox and loses puck.
14:14 of 2nd period - Shot by Barrett Hayton.
14:14 of 2nd period - Stopped by Alex Lyon with a rebound.
14:21 of 2nd period - Minor Penalty to Brandon Montour for Tripping.
14:22 of 2nd period - William Karlsson wins face-off versus Mika Zibanejad in CAROLINA Hurricanes zone.
14:58 of 2nd period - John Carlson is hit by Elias Pettersson and loses puck.
15:45 of 2nd period - Shot by Mario Ferraro.
15:45 of 2nd period - Stopped by Alex Lyon without a rebound.
15:46 of 2nd period - Mika Zibanejad wins face-off versus Matt Duchene in CAROLINA Hurricanes zone.
16:38 of 2nd period - Shot by Ross Colton.
16:38 of 2nd period - Shot Hit the Post.
17:52 of 2nd period - Shot by Brady Tkachuk.
17:52 of 2nd period - Deflect By Nazem Kadri.
17:52 of 2nd period - Stopped by Chris Driedger without a rebound.
17:53 of 2nd period - Mika Zibanejad wins face-off versus Matt Duchene in WASHINGTON Capitals zone.
17:53 of 2nd period - Mika Zibanejad is hit by Carson Soucy.
18:14 of 2nd period - Brandon Montour is hit by Mario Ferraro and loses puck.
18:58 of 2nd period - John Carlson is hit by Kris Letang and loses puck.
19:01 of 2nd period - Shot by Christian Dvorak.
19:01 of 2nd period - Shot Blocked by Devon Toews.
19:03 of 2nd period - Shot by Christian Dvorak.
19:03 of 2nd period - Stopped by Alex Lyon without a rebound.
19:04 of 2nd period - Blake Lizotte wins face-off versus Barrett Hayton in CAROLINA Hurricanes zone.
19:09 of 2nd period - Shot by Rasmus Ristolainen.
19:09 of 2nd period - Stopped by Chris Driedger with a rebound.
Goals for this period are 1 for WASHINGTON Capitals vs 1 for CAROLINA Hurricanes.
Shots for this period are 8 for WASHINGTON Capitals vs 7 for CAROLINA Hurricanes.

3rd period


0:01 of 3rd period - Mika Zibanejad wins face-off versus William Karlsson in neutral zone.
0:25 of 3rd period - Icing by Kevin Shattenkirk.
0:26 of 3rd period - Nazem Kadri wins face-off versus William Karlsson in WASHINGTON Capitals zone.
0:51 of 3rd period - Shot by William Karlsson.
0:51 of 3rd period - Deflect By Ivan Barbashev.
0:51 of 3rd period - Stopped by Alex Lyon with a rebound.
1:37 of 3rd period - Shot by Adam Fox.
1:37 of 3rd period - Stopped by Chris Driedger without a rebound.
1:38 of 3rd period - Blake Lizotte wins face-off versus Christian Dvorak in WASHINGTON Capitals zone.
1:38 of 3rd period - Blake Lizotte is hit by Carson Soucy.
2:15 of 3rd period - Off-side.
2:16 of 3rd period - Mika Zibanejad wins face-off versus Pavel Buchnevich in neutral zone.
2:18 of 3rd period - Off-side.
2:19 of 3rd period - Mika Zibanejad wins face-off versus William Karlsson in neutral zone.
2:31 of 3rd period - William Karlsson is hit by Brandon Montour and loses puck.
2:34 of 3rd period - Shot by Pavel Buchnevich.
2:34 of 3rd period - Stopped by Alex Lyon without a rebound.
2:35 of 3rd period - Matt Duchene wins face-off versus Nazem Kadri in CAROLINA Hurricanes zone.
3:15 of 3rd period - Shot by Travis Konecny.
3:15 of 3rd period - Shot Misses the Net.
3:17 of 3rd period - Shot by Kris Letang.
3:17 of 3rd period - Stopped by Chris Driedger without a rebound.
3:18 of 3rd period - William Nylander wins face-off versus William Karlsson in WASHINGTON Capitals zone.
3:44 of 3rd period - Ivan Barbashev is hit by Brandon Montour and loses puck.
4:00 of 3rd period - Minor Penalty to Adam Fox for Delaying the game.
4:01 of 3rd period - Matt Duchene wins face-off versus Elias Pettersson in CAROLINA Hurricanes zone.
4:18 of 3rd period - Shot by Mario Ferraro.
4:18 of 3rd period - Shot Misses the Net.
4:20 of 3rd period - Shot by Torey Krug.
4:20 of 3rd period - Stopped by Alex Lyon without a rebound.
4:21 of 3rd period - Mika Zibanejad wins face-off versus Brock Boeser in CAROLINA Hurricanes zone.
4:40 of 3rd period - Shot by Kevin Shattenkirk.
4:40 of 3rd period - Stopped by Alex Lyon with a rebound.
4:42 of 3rd period - Shot by Kevin Shattenkirk.
4:42 of 3rd period - Stopped by Alex Lyon without a rebound.
4:43 of 3rd period - Mika Zibanejad wins face-off versus Matt Duchene in CAROLINA Hurricanes zone.
4:43 of 3rd period - Elias Pettersson is hit by Ryan Strome and loses puck.
5:06 of 3rd period - Shot by Ryan Strome.
5:06 of 3rd period - Shot Misses the Net.
5:26 of 3rd period - Rasmus Ristolainen is hit by Mario Ferraro.
5:27 of 3rd period - Minor Penalty to Torey Krug for Delaying the game.
5:28 of 3rd period - Mika Zibanejad wins face-off versus William Karlsson in WASHINGTON Capitals zone.
5:37 of 3rd period - Shot by Mika Zibanejad.
5:37 of 3rd period - Shot Misses the Net.
5:39 of 3rd period - Shot by Mika Zibanejad.
5:39 of 3rd period - Shot Misses the Net.
5:51 of 3rd period - Shot by William Nylander.
5:51 of 3rd period - Deflect By Mika Zibanejad.
5:51 of 3rd period - Stopped by Chris Driedger without a rebound.
5:52 of 3rd period - William Karlsson wins face-off versus Nazem Kadri in WASHINGTON Capitals zone.
6:15 of 3rd period - Shot by Adam Fox.
6:15 of 3rd period - Shot Misses the Net.
6:17 of 3rd period - Shot by Filip Forsberg.
6:17 of 3rd period - Stopped by Chris Driedger without a rebound.
6:18 of 3rd period - Jason Dickinson wins face-off versus Mika Zibanejad in WASHINGTON Capitals zone.
6:18 of 3rd period - Ian Cole is hit by Brady Tkachuk and loses puck.
6:26 of 3rd period - Icing by William Nylander.
6:27 of 3rd period - Mika Zibanejad wins face-off versus William Karlsson in CAROLINA Hurricanes zone.
6:31 of 3rd period - Off-side.
6:32 of 3rd period - Elias Pettersson wins face-off versus William Karlsson in neutral zone.
6:36 of 3rd period - Off-side.
6:37 of 3rd period - Elias Pettersson wins face-off versus William Karlsson in neutral zone.
6:41 of 3rd period - Shot by Brandon Montour.
6:41 of 3rd period - Shot Blocked by Ian Cole.
6:43 of 3rd period - Shot by Elias Pettersson.
6:43 of 3rd period - Stopped by Chris Driedger without a rebound.
6:44 of 3rd period - Mika Zibanejad wins face-off versus William Karlsson in WASHINGTON Capitals zone.
7:01 of 3rd period - Shot by Brandon Montour.
7:01 of 3rd period - Goal by Brandon Montour - WASHINGTON Capitals : 6 - CAROLINA Hurricanes : 4.
7:02 of 3rd period - Blake Lizotte wins face-off versus Matt Duchene in neutral zone.
7:08 of 3rd period - Icing by Carson Soucy.
7:09 of 3rd period - Mika Zibanejad wins face-off versus Matt Duchene in WASHINGTON Capitals zone.
7:22 of 3rd period - Mario Ferraro is hit by Mika Zibanejad and loses puck.
7:32 of 3rd period - Mario Ferraro is hit by Mika Zibanejad and loses puck.
8:05 of 3rd period - Off-side.
8:06 of 3rd period - William Karlsson wins face-off versus Nazem Kadri in neutral zone.
8:13 of 3rd period - Shot by Pavel Buchnevich.
8:13 of 3rd period - Stopped by Alex Lyon without a rebound.
8:13 of 3rd period - Minor Penalty to Kris Letang for Tripping.
8:14 of 3rd period - William Karlsson wins face-off versus Mika Zibanejad in CAROLINA Hurricanes zone.
8:41 of 3rd period - Shot by Pavel Buchnevich.
8:41 of 3rd period - Shot Misses the Net.
8:43 of 3rd period - Shot by William Karlsson.
8:43 of 3rd period - Shot Misses the Net.
8:45 of 3rd period - Shot by Pavel Buchnevich.
8:45 of 3rd period - Shot Misses the Net.
8:51 of 3rd period - Shot by John Carlson.
8:51 of 3rd period - Shot Blocked by Devon Toews.
9:11 of 3rd period - Shot by Mario Ferraro.
9:11 of 3rd period - Stopped by Alex Lyon without a rebound.
9:12 of 3rd period - Matt Duchene wins face-off versus Noah Cates in CAROLINA Hurricanes zone.
9:14 of 3rd period - Minor Penalty to Rasmus Ristolainen for Hooking.
9:15 of 3rd period - Matt Duchene wins face-off versus Nazem Kadri in CAROLINA Hurricanes zone.
9:22 of 3rd period - Shot by Matt Duchene.
9:22 of 3rd period - Shot Misses the Net.
9:24 of 3rd period - Shot by Ivan Barbashev.
9:24 of 3rd period - Stopped by Alex Lyon with a rebound.
9:26 of 3rd period - Shot by Matt Duchene.
9:26 of 3rd period - Stopped by Alex Lyon without a rebound.
9:27 of 3rd period - Matt Duchene wins face-off versus Mika Zibanejad in CAROLINA Hurricanes zone.
10:28 of 3rd period - Shot by Pavel Buchnevich.
10:28 of 3rd period - Goal by Pavel Buchnevich - WASHINGTON Capitals : 7 - CAROLINA Hurricanes : 4.
10:29 of 3rd period - Ross Colton wins face-off versus Blake Lizotte in neutral zone.
10:39 of 3rd period - Blake Lizotte is hit by Ross Colton and loses puck.
11:12 of 3rd period - Shot by Ross Colton.
11:12 of 3rd period - Shot Misses the Net.
11:34 of 3rd period - Devon Toews is hit by Ivan Barbashev and loses puck.
11:52 of 3rd period - Shot by Pavel Buchnevich.
11:52 of 3rd period - Stopped by Alex Lyon with a rebound.
11:53 of 3rd period - Minor Penalty to Kris Letang for Interference.
11:54 of 3rd period - Mika Zibanejad wins face-off versus Matt Duchene in CAROLINA Hurricanes zone.
12:37 of 3rd period - Adam Fox is hit by Mario Ferraro and loses puck.
12:41 of 3rd period - Icing by Mario Ferraro.
12:42 of 3rd period - Noah Cates wins face-off versus William Karlsson in WASHINGTON Capitals zone.
12:54 of 3rd period - Icing by Torey Krug.
12:55 of 3rd period - Mika Zibanejad wins face-off versus Brock Boeser in WASHINGTON Capitals zone.
13:04 of 3rd period - Shot by Torey Krug.
13:04 of 3rd period - Shot Misses the Net.
13:11 of 3rd period - Icing by Mario Ferraro.
13:12 of 3rd period - William Karlsson wins face-off versus Mika Zibanejad in WASHINGTON Capitals zone.
13:19 of 3rd period - Shot by Mario Ferraro.
13:19 of 3rd period - Stopped by Alex Lyon with a rebound.
13:32 of 3rd period - Shot by Elias Pettersson.
13:32 of 3rd period - Shot Blocked by Torey Krug.
14:22 of 3rd period - Shot by Ryan Strome.
14:22 of 3rd period - Shot Hit the Post.
14:24 of 3rd period - Shot by Christian Dvorak.
14:24 of 3rd period - Shot Blocked by Rasmus Ristolainen.
15:16 of 3rd period - Shot by David Perron.
15:16 of 3rd period - Shot Misses the Net.
15:25 of 3rd period - Icing by Carson Soucy.
15:26 of 3rd period - Barrett Hayton wins face-off versus Mika Zibanejad in WASHINGTON Capitals zone.
15:46 of 3rd period - Elias Pettersson is hit by Carson Soucy and loses puck.
16:04 of 3rd period - Mika Zibanejad is hit by Carson Soucy and loses puck.
16:10 of 3rd period - Carson Soucy is hit by Mika Zibanejad and loses puck.
16:17 of 3rd period - Devon Toews is hit by Barrett Hayton and loses puck.
16:47 of 3rd period - Pavel Buchnevich is hit by Brady Tkachuk and loses puck.
17:44 of 3rd period - Brock Boeser is hit by Blake Lizotte and loses puck.
17:59 of 3rd period - Blake Lizotte is hit by Kevin Shattenkirk and loses puck.
18:06 of 3rd period - Shot by David Perron.
18:06 of 3rd period - Shot Misses the Net.
18:08 of 3rd period - Shot by Brandon Montour.
18:08 of 3rd period - Shot Blocked by John Carlson.
18:10 of 3rd period - Shot by Filip Forsberg.
18:10 of 3rd period - Deflect By David Perron.
18:10 of 3rd period - Shot Blocked by John Carlson.
19:22 of 3rd period - Elias Pettersson is hit by Mario Ferraro and loses puck.
19:34 of 3rd period - Mika Zibanejad is hit by Carson Soucy and loses puck.
19:54 of 3rd period - Brandon Montour is hit by Torey Krug and loses puck.
Goals for this period are 1 for WASHINGTON Capitals vs 1 for CAROLINA Hurricanes.
Shots for this period are 12 for WASHINGTON Capitals vs 6 for CAROLINA Hurricanes. Output by the SimonT Hockey Simulator (STHS) for Martin Benoit - Original Page W3C HTML5 Valid
Hockey Simulator - Hockey Simulation - Hockey Manager